 Dungeon Crawl Stone Soup version 0.31-a0-1589-g8f5e8aebd6 (webtiles) character file.

Game seed: 12085721669083557469

115 Lahburn the Slasher (level 4, 0/41 HPs)
             Began as a Minotaur Berserker on Jan 6, 2024.
             Was a Believer of Trog.
             Slain by Grinder (3 damage)
             ... on level 3 of the Dungeon.
             The game lasted 00:30:32 (2278 turns).

Lahburn the Slasher (Minotaur Berserker)            Turns: 2278, Time: 00:30:33

Health: 0/41       AC:  9    Str: 24    XL:     4   Next: 68%
Magic:  3/3        EV: 10    Int:  4    God:    Trog [**....]
Gold:   77         SH:  0    Dex:  9    Spells: 3/3 levels left

rFire   . . .        u - +1 mace (protect)
rCold   . . .        (no shield)
rNeg    . . .        s - +3 scale mail {rPois}
rPois   +            (helmet currently unavailable)
rElec   .            n - melded scarf {repulsion}
rCorr   .            r - melded +0 pair of gloves
SInv    .            (boots currently unavailable)
Will    .....        (no amulet) Stlth
                     (no ring)
HPRegen 0.26/turn    (no ring)
MPRegen 0.08/turn

%: no passive effects
@: beast-form
A: beast (slay +0), horns 2, retaliatory headbutt
a: Begin Untransformation, Renounce Religion, Berserk, Trog's Hand


You were on level 3 of the Dungeon.
You worshipped Trog.
Trog was pleased with you.
You were a hulking beast.
You visited 1 branch of the dungeon, and saw 3 of its levels.

You collected 77 gold pieces.

Inventory:

Hand Weapons
 a - a +0 falchion
 d - a +0 dagger
 f - a +0 club
 m - a +0 long sword
 t - a +1 flail of holy wrath
 u - a +1 mace of protection (weapon)
 z - a +4 club
Missiles
 g - 11 stones
 o - 9 poisoned darts
Armour
 b - a +0 animal skin
 j - a +0 chain mail
 n - a scarf of repulsion (melded)
 q - a +0 robe
 r - a +0 pair of gloves (melded)
 s - a +3 scale mail of poison resistance (worn)
Jewellery
 x - a ring of see invisible
 A - a ring of fire
Talismans
 c - a beast talisman (active)
Wands
 v - a wand of flame (26)
 y - a wand of paralysis (8)
Scrolls
 h - a scroll of poison {unknown}
 i - 2 scrolls of identify {unknown}
 l - a scroll of immolation {unknown}
 p - a scroll of teleportation {unknown}
Potions
 e - a potion of magic {unknown}
 k - 2 potions of resistance {unknown}
 w - a potion of degeneration {unknown}
 B - a potion of brilliance {unknown}


   Skills:
 + Level 4.7 Fighting
 + Level 5.1 Long Blades
 + Level 0.8 Maces & Flails
 + Level 3.0 Armour
 + Level 2.6 Dodging
 + Level 0.1 Stealth


You had 3 spell levels left.
You didn't know any spells.
Your spell library was empty.

Dungeon Overview and Level Annotations

Branches:
Dungeon (3/15)

Altars:

Shops:
D:1 **   D:3 (

Annotations:
D:3 Grinder


Innate Abilities, Weirdness & Mutations

You are a hulking beast.
Your limbs bulge with bestial killing power. (Slay +0)
You have a pair of horns on your head.
You reflexively headbutt those who attack you in melee.


Message History

Grinder is severely wounded.
Grinder gestures at you. Pain shoots through your body!
You hit Grinder. Your headbutt misses Grinder.
Grinder is severely wounded.
Grinder hits you.
Grinder blinks!
Grinder blinks!
Grinder hits you but does no damage.
You hit Grinder.
Your weapon exudes an aura of protection.
Your headbutt misses Grinder.
Grinder is severely wounded.
Grinder blinks!
You see here a +0 short sword.
Grinder gestures at you. Pain shoots through your body!
Grinder blinks!
Grinder is nearby!
You hit Grinder but do no damage.
Your weapon exudes an aura of protection.
Grinder is severely wounded.
Grinder gestures at you. Pain shoots through your body!
* * * LOW HITPOINT WARNING * * *
You barely miss Grinder. You headbutt Grinder.
Grinder is almost dead.
Grinder hits you but does no damage. Grinder gestures at you.
Pain shoots through your body!
* * * LOW HITPOINT WARNING * * *
You closely miss Grinder.
Grinder is almost dead.
Grinder gestures at you. You resist with significant effort.
You closely miss Grinder. You headbutt Grinder, but do no damage.
Grinder is almost dead.
Grinder gestures at you.
You barely resist. Grinder hits you.
You die...
Grinder says, "Hey, I wasn't done torturing you yet!"

#....#....#..........#.#
#....'..###.###.####...#
#....##†# .# #.# #..###
#....##.###.# #.###.##
#####...#...# #.##..####
######.###.### #.#......#
.........#.# #.#......#
...........#####.#......#
........#...)...h5......#
........###..##...#.†...#
........# ##.#...##.....#
######+## #>....##.....#
#.#########.##.....#
#...........##.....#
##############.....#
#.....# #######


You could see Grinder.

Vanquished Creatures
  Terence (D:2)
  Ijyb (D:3)
  A gnoll (D:1)
  An adder (D:2)
  4 ribbon worms
  An orc (D:3)
  5 bats
  3 endoplasms
  A giant cockroach (D:3)
  3 goblins (D:2)
  5 hobgoblins
  2 quokkas (D:3)
  4 ball pythons
  2 frilled lizards (D:2)
  2 kobolds
36 creatures vanquished.

Notes
Turn   | Place    | Note
-------+----------+-------------------------------------------
     0 | D:1      | Lahburn the Minotaur Berserker began the quest for the Orb.
     0 | D:1      | Reached XP level 1. HP: 19/19 MP: 0/0
   101 | D:1      | Found a faded altar of an unknown god.
   106 | D:1      | Found Boshricw's Assorted Antiques.
   225 | D:1      | Found Eluohef's Assorted Antiques.
   233 | D:1      | Reached skill level 4 in Long Blades
   233 | D:1      | Reached XP level 2. HP: 22/27 MP: 1/1
   692 | D:2      | Reached XP level 3. HP: 30/33 MP: 2/2
   867 | D:2      | Noticed Terence
   875 | D:2      | Killed Terence
   939 | D:2      | Reached XP level 4. HP: 41/41 MP: 3/3
  1638 | D:3      | Found Afipokhi's Antique Weapon Emporium.
  1797 | D:3      | Noticed Ijyb
  1798 | D:3      | Paralysed by Ijyb for 3 turns
  1809 | D:3      | Paralysed by Ijyb for 2 turns
  1815 | D:3      | Paralysed by Ijyb for 4 turns
  1820 | D:3      | Killed Ijyb
  1821 | D:3      | Reached skill level 5 in Long Blades
  2063 | D:3      | Reached ** piety under Trog
  2255 | D:3      | Noticed Grinder
  2276 | D:3      | HP: 2/41 [Grinder/nerve-wracking pain (8)]
  2278 | D:3      | Slain by Grinder

Illustrated notes

Levels and vault maps discovered:
D:1:      psy_arrival_radial01, layout_basic, serial_shops, shop, shop_coins,
          shop, shop, nicolae_shop_tiny_statue_garden,
          ebering_ecumenical_altar_abandoned
D:2:      layout_basic, serial_bayou_ford_a, uniq_terence
D:3:      layout_basic, serial_shops, shop, uniq_sigmund, uniq_ijyb,
          uniq_grinder

Skill      XL: |  1  2  3  4 |
---------------+-------------+-----
Fighting       | 4 |  4.7
Long Blades    | 4 5 |  5.1
Armour         | 3 |  3.0
Maces & Flails | |  0.8
Dodging        | |  2.6
Stealth        | |  0.1

Action                     |  1- 3 |  4- 6 || total
---------------------------+-------+-------++-------
  Melee: Falchion          |    14 |       ||    14
         Headbutt          |     6 |    10 ||    16
         Long sword        |    30 |       ||    30
         Punch             |     1 |       ||     1
         Flail             |     3 |    23 ||    26
         Mace              |       |    38 ||    38
    Use: Potion            |     1 |       ||     1
   Stab: Sleeping          |     1 |       ||     1
 Armour: Animal skin       |     8 |       ||     8
         Chain mail        |    26 |     4 ||    30
         Scale mail        |       |    37 ||    37
  Dodge: Dodged            |    24 |    25 ||    49
         Repelled          |     1 |       ||     1
   Form: Beast             |       |     1 ||     1

Table legend: (Time is in decaauts)
 A = Elapsed time spent in this place.
 B = Non-inter-level travel time spent in this place.
 C = Inter-level travel time spent in this place.
 D = Time resting spent in this place.
 E = Time spent auto-exploring this place.
 F = Levels seen in this place.
 G = Mean time per level.
                   A        B        C        D        E       F      G
               +--------+--------+--------+--------+--------+-----+--------+
         Total |   2314 |    566 |   1748 |      0 |      0 |   3 |  771.3 |
       Dungeon |   2314 |    566 |   1748 |      0 |      0 |   3 |  771.3 |
               +--------+--------+--------+--------+--------+-----+--------+

Top non-repeatable levels by time:
     D:2: 1339 daAuts
     D:3: 680 daAuts
     D:1: 294 daAuts
